AoeStats
← CazadorGT

Nomad

509413382Analyzed
3v3 RM · 6d ago on Sep 26, 2026· 42m 8s· 6 players
Game mode
Random Map
Map size
210×210
Population
200
Speed
Normal
Resources
Standard
Victory
Conquest
Starting age
Dark Age
Ending age
Imperial Age
RankedLock teamsTeams togetherTeam positionsShared explorationLock speedFull tech treeHidden civsTurbo modeCheats
Victory
Defeat
🇷🇺 Mongols · Russia
1171
+14
🇺🇸 Huns · United States
1163
+14
🇩🇪 Franks · Germany
1146
+15
🇬🇹 Malians · Guatemala
1165
-16
🇻🇪 Bohemians · Venezuela
1109
-14
🇮🇹 Persians · Italy
1099
-13
spicyP
4:59 Loom
14:19 Feudal Age
24:13 Castle Age
23:33 Fletching
25:13 Bodkin Arrow
30:43 Wheelbarrow
Rhino
3:51 Loom
5:05 Loom
14:48 Feudal Age
15:14 Double-Bit Axe
16:28 Town Watch
19:18 Castle Age
17:43 Fishing Lines
18:26 Stone Mining
19:35 Fletching
19:52 Gold Mining
21:06 Gillnets
22:16 Bow Saw
22:16 Bodkin Arrow
24:44 Wheelbarrow
26:39 Gold Shaft Mining
26:36 Forging
27:21 Horse Collar
30:07 Medium Warships
30:23 Husbandry
30:34 Bloodlines
31:23 Thumb Ring
32:00 Ballistics
31:37 Murder Holes
32:15 Scale Barding Armor
34:29 Heavy Plow
36:27 Hand Cart
40:03 Imperial Age
38:39 Iron Casting
41:22 Bracer
42:24 Blast Furnace
42:41 Chemistry
42:49 Conscription
Boris
4:22 Loom
13:45 Feudal Age
15:58 Gold Mining
15:58 Double-Bit Axe
16:23 Fishing Lines
20:28 Castle Age
19:13 Bloodlines
19:17 Forging
19:39 Horse Collar
21:09 Scale Barding Armor
22:07 Iron Casting
21:51 Bow Saw
22:00 Husbandry
23:36 Chain Barding Armor
26:12 Heavy Plow
27:19 Wheelbarrow
27:35 Gillnets
27:56 Medium Warships
32:09 Gold Shaft Mining
31:25 Stone Mining
33:37 Hand Cart
36:48 Imperial Age
36:56 Cavalier
38:15 Plate Barding Armor
38:41 Blast Furnace
37:42 Fletching
37:53 Padded Archer Armor
38:21 Parthian Tactics
38:02 Thumb Ring
38:30 Heavy Cavalry Archer
39:53 Ballistics
41:31 Bodkin Arrow
41:25 Paladin
CazadorGT
11:24 Loom
14:17 Feudal Age
14:43 Fishing Lines
14:59 Double-Bit Axe
15:36 Town Watch
20:51 Castle Age
19:28 Stone Mining
19:56 Forging
21:50 Medium Warships
23:40 Iron Casting
25:22 Squires
25:57 Fletching
28:00 Bow Saw
27:32 Horse Collar
28:49 Scale Mail Armor
32:01 Bodkin Arrow
32:22 Chain Mail Armor
31:50 Elite Skirmisher
34:28 Wheelbarrow
34:49 Bodkin Arrow
40:34 Imperial Age
41:26 Padded Archer Armor
43:24 Chemistry
verbumdei76
11:54 Loom
14:22 Feudal Age
21:54 Castle Age
20:20 Stone Mining
24:05 Town Watch
35:38 Fletching
dejame_ganar
4:48 Loom
18:07 Feudal Age
19:38 Town Watch
23:26 Castle Age
21:46 Double-Bit Axe
22:17 Fletching
26:36 Bodkin Arrow
31:17 Padded Archer Armor
Connection lost

Rejoining the realm…

Still unreachable

The connection could not be restored.

Session expired

The server has moved on; the page needs a fresh start.